 Dungeon Crawl Stone Soup version 0.27.0-1-g7a089689b8 (webtiles) character file.

Game seed: 11570396975799456397

12 osoart the Skirmisher (level 2, -1/33 HPs)
             Began as an Ogre Berserker on Aug 13, 2021.
             Was a Follower of Trog.
             Killed from afar by a dart slug (4 damage)
             ... with a slug dart
             ... on level 1 of the Dungeon.
             The game lasted 00:02:19 (190 turns).

osoart the Skirmisher (Ogre Berserker)               Turns: 190, Time: 00:02:20

Health: -1/33      AC:  3    Str: 20    XL:     2   Next: 33%
Magic:  2/2        EV: 10    Int:  8    God:    Trog [*.....]
Gold:   20         SH:  0    Dex:  8    Spells: 1/1 levels left

rFire    . . .     SeeInvis .   a - +0 spear
rCold    . . .     Faith    .   (no shield)
rNeg     . . .     Spirit   .   b - +0 animal skin
rPois    .         Reflect  .   (helmet restricted)
rElec    .         Harm     .   (no cloak)
rCorr    .         Rampage  .   (gloves unavailable)
Will     .....                  (boots unavailable)
Stlth    +.........             (no amulet)
HPRegen  0.11/turn              (no ring)
MPRegen  0.08/turn              (no ring)

@: on berserk cooldown, slowed, very slow
A: large, unfitting armour, tough skin 1
a: Renounce Religion, Berserk


You were on level 1 of the Dungeon.
You worshipped Trog.
Trog was aware of your devotion.
You visited 1 branch of the dungeon, and saw 1 of its levels.

You collected 20 gold pieces.

Inventory:

Hand Weapons
 a - a +0 spear (weapon)
 c - a +0 club
Missiles
 d - 13 stones (quivered)
Armour
 b - a +0 animal skin (worn)


   Skills:
 + Level 4.3 Fighting
 + Level 3.2 Polearms
 + Level 2.9 Dodging


You had one spell level left.
You didn't know any spells.
Your spell library contained the following spells:

 Spells                   Type           Power      Damage    Failure   Level
 Shock                    Conj/Air       0%         1d3       41%         1
 Swiftness                Air            0%         N/A       78%         3
 Airstrike                Air            0%         N/A       99%         4


Dungeon Overview and Level Annotations

Branches:
Dungeon (1/15)

Altars:


Innate Abilities, Weirdness & Mutations

You are too large for most types of armour.
You have tough skin. (AC +1)


Message History

The hobgoblin hits you.
* * * LOW HITPOINT WARNING * * *
A dart slug comes into view.
The hobgoblin hits you.
* * * LOW HITPOINT WARNING * * *
You completely miss the goblin. The goblin barely misses you.
The quokka twitches its whiskers.
A red film seems to cover your vision as you go berserk!
You feel yourself moving faster!
You feel mighty!
The quokka twitches its whiskers.
The goblin closely misses you.
You barely miss the goblin. You puncture the goblin!
You kill the goblin!
Trog accepts your kill.
You have reached level 2!
You puncture the quokka!
You kill the quokka!
Trog accepts your kill.
You hit the hobgoblin.
You kill the hobgoblin!
Trog accepts your kill.
You completely miss the hobgoblin. You closely miss the hobgoblin.
The hobgoblin hits you.
* * * LOW HITPOINT WARNING * * *
You hit the hobgoblin.
The hobgoblin is almost dead.
You puncture the hobgoblin!
You kill the hobgoblin!
Trog accepts your kill.
You closely miss the hobgoblin. You puncture the hobgoblin!
You kill the hobgoblin!
Trog accepts your kill.
You are no longer berserk.
You are exhausted.
You feel yourself slow down. The dart slug launches a dart at you.
The slug dart hits you.
You die...

... #..... #.# ####.# ... #.# #
#.# ##'# .### #.###### ##... ...
#.#..... ##.... ##.## #.#.#
#.###..... .##.#...#########...#
#.##......
.'...........w.@....###..'....†.
.##....w###########.....##......
####.## ##..#####..... #. ##†#
##.... #. #.# ##... .. #.# ##'#
#. ####.## #.# #. #.....#### #.#
#........# ##.#


You could see a dart slug.

Vanquished Creatures
  2 goblins (D:1)
  5 hobgoblins (D:1)
  A quokka (D:1)
  A frilled lizard (D:1)
  A rat (D:1)
10 creatures vanquished.

Notes
Turn   | Place    | Note
-------+----------+-------------------------------------------
     0 | D:1      | osoart the Ogre Berserker began the quest for the Orb.
     0 | D:1      | Reached XP level 1. HP: 24/24 MP: 1/1
   178 | D:1      | Reached XP level 2. HP: 6/32 MP: 2/2
   190 | D:1      | Killed from afar by a dart slug

Illustrated notes

Levels and vault maps discovered:
D:1:      lightli_iron_boxes, layout_loops_corners

Action                   || total
-------------------------++-------
Melee: Spear             ||    31
Invok: Berserk           ||     1
  Use: Scroll            ||     1
Armor: Animal skin       ||     3
Dodge: Dodged            ||     9
